AoeStats
← Proverbial Monkey

Arabia

509006550Analyzed
1v1 RM · 8d ago on Sep 25, 2026· 28m 28s· 2 players
Game mode
Random Map
Map size
Tiny (2 player)
Population
200
Speed
Normal
Resources
Standard
Victory
Conquest
Starting age
Dark Age
Ending age
Imperial Age
RankedLock teamsTeams togetherTeam positionsShared explorationLock speedFull tech treeHidden civsTurbo modeCheats
Victory
Defeat
🇦🇷 Armenians · Argentina
1177
+14
🇲🇽 Britons · Mexico
1141
-14
Proverbial Monkey
6:57 Loom
10:01 Feudal Age
10:43 Man-at-Arms
12:04 Double-Bit Axe
16:41 Fletching
19:22 Padded Archer Armor
19:18 Horse Collar
26:05 Castle Age
28:35 Wheelbarrow
Pablengue
6:56 Loom
10:16 Feudal Age
11:54 Double-Bit Axe
12:04 Man-at-Arms
13:00 Long Swordsman
17:27 Scale Mail Armor
21:05 Castle Age
20:00 Padded Archer Armor
19:50 Horse Collar
20:04 Gold Mining
20:12 Arson
20:47 Fletching
21:18 Elite Skirmisher
22:53 Leather Archer Armor
24:28 Scale Mail Armor
24:46 Two-Handed Swordsman
27:41 Forging
28:18 Town Watch
Connection lost

Rejoining the realm…

Still unreachable

The connection could not be restored.

Session expired

The server has moved on; the page needs a fresh start.